 Dungeon Crawl Stone Soup version 0.32-a0-560-g4c7f4391e0 (webtiles) character file.

Game seed: 16982831940279180800

3495 retardedninja the Cleaver (level 9, 0/78 (84) HPs)
             Began as a Mountain Dwarf Fighter on Feb 29, 2024.
             Was an Elder of Cheibriados.
             Shot with an arrow by a centaur (1 damage)
             ... on level 8 of the Dungeon.
             The game lasted 00:15:36 (7425 turns).

retardedninja the Cleaver (Mountain Dwarf Fighter)  Turns: 7425, Time: 00:15:36

HP:   0/78 (84)     AC: 17    Str: 32    XL:     9   Next: 80%
MP:   9/9           EV:  7    Int: 24    God:    Cheibriados [****..]
Gold: 283           SH:  6    Dex: 18    Spells: 8/8 levels left

rFire   . . .        a - +0 war axe
rCold   + . .        c - +0 buckler
rNeg    . . .        x - +0 plate armour
rPois   .            r - +0 helmet
rElec   .            (no cloak)
rCorr   .            i - +2 pair of gloves
SInv    .            (no boots)
Will    .....        (no amulet) Stlth
                     l - ring of protection from cold
HPRegen 0.33/turn    w - +6 ring of intelligence
MPRegen 0.11/turn

%: no passive effects
@: on berserk cooldown, slowed, drained, very slow
A: runic magic, artefact enchanting
a: Renounce Religion, Bend Time, Temporal Distortion, Slouch


You were on level 8 of the Dungeon.
You worshipped Cheibriados.
Cheibriados was greatly pleased with you.
You visited 2 branches of the dungeon, and saw 9 of its levels.

You collected 283 gold pieces.

Inventory:

Hand Weapons
 a - a +0 war axe (weapon)
Missiles
 E - a throwing net (quivered)
Armour
 c - a +0 buckler (worn)
 i - a +2 pair of gloves (worn)
 r - a +0 helmet (worn)
 t - a +0 chain mail
 x - a +0 plate armour (worn)
Jewellery
 l - a ring of protection from cold (left hand)
 w - a +6 ring of intelligence (right hand)
 z - a ring of flight
Wands
 h - a wand of mindburst (13)
 v - a wand of flame (20)
 B - a wand of roots (7)
Scrolls
 d - 2 scrolls of teleportation
 m - a scroll of immolation {unknown}
 o - 2 scrolls of enchant weapon {unknown}
 s - a scroll of amnesia {unknown}
 u - a scroll of torment {unknown}
 y - a scroll of brand weapon {unknown}
 A - a scroll of fog {unknown}
 C - a scroll of enchant armour {unknown}
 G - a scroll of fear {unknown}
Potions
 b - 3 potions of cancellation
 e - 2 potions of resistance {unknown}
 f - a potion of ambrosia {unknown}
 g - 2 potions of enlightenment
 j - a potion of haste
 p - a potion of attraction
 q - 3 potions of brilliance
 D - a potion of invisibility {unknown}


   Skills:
 * Level 9.6 Fighting
 * Level 10.0 Axes
 + Level 6.9 Armour
 + Level 7.0 Shields


You had 8 spell levels left.
You didn't know any spells.
Your spell library contained the following spells:

 Spells                   Type           Power      Damage    Failure   Level
 Apportation              Tloc           0%         N/A       26%         1
 Magic Dart               Conj           0%         1d3       26%         1
 Sandblast                Erth           0%         2d4       26%         1
 Blink                    Tloc           0%         N/A       38%         2
 Call Imp                 Summ           0%         N/A       38%         2
 Jinxbite                 Hex            0%         N/A       38%         2
 Gell's Gravitas          Tloc           0%         N/A       63%         3
 Passwall                 Erth           0%         N/A       63%         3
 Stone Arrow              Conj/Erth      0%         3d7       63%         3
 Teleport Other           Tloc           0%         N/A       63%         3
 Brom's Barrelling Bould  Conj/Erth      0%         2d3       95%         4
 Alistair's Intoxication  Alch           0%         N/A       100%        5
 Dispersal                Tloc           0%         N/A       100%        6


Dungeon Overview and Level Annotations

Branches:
Dungeon (8/15)             Temple (1/1) D:4
   Lair: D:8-11

Altars:
Ashenzari
Cheibriados
Dithmenos
Elyvilon
Fedhas
Gozag
Hepliaklqana
Kikubaaqudgha
Makhleb
Nemelex Xobeh
Okawaru
Qazlal
Ru
Uskayaw
Vehumet
Wu Jian
Xom
Yredelemnul
Zin
The Shining One

Shops:
D:4 !   D:6 *

Annotations:
D:2 1 runed translucent door, Crazy Yiuf


Innate Abilities, Weirdness & Mutations

Your spellcasting is much less encumbered by armour.
You can use scrolls of enchantment on lesser artefacts.


Message History

The centaur shoots an arrow.
The arrow hits you but does no damage.
The centaur shoots an arrow.
The arrow hits you but does no damage.
The centaur shoots an arrow.
The arrow hits you.
* * * LOW HITPOINT WARNING * * *
Unknown command.
Unknown command.
As you read the scroll labelled OCSUOTT DOEKAU, it crumbles to dust.
You feel strangely unstable.
It was a scroll of teleportation.
The grasping roots constrict the centaur!
The centaur shoots an arrow.
The arrow hits you.
* * * LOW HITPOINT WARNING * * *
The centaur shoots an arrow.
The arrow closely misses you.
Aiming: Fastroot
Press: ? - help, Q - select action, (/) - cycle Shift-Dir - straight line The roots erupt in riotous growth!
The centaur is unaffected.
Your surroundings suddenly seem different.
The roots lose their grip on something.
Found a potion of heal wounds and a leather armour.
Unknown command.
Unknown command.
Unknown command.
The centaur shouts!
The centaur shoots an arrow.
The arrow hits you.
* * * LOW HITPOINT WARNING * * *
The centaur shoots an arrow.
The arrow hits you.
* * * LOW HITPOINT WARNING * * *
The centaur shoots an arrow.
The arrow hits you!
* * * LOW HITPOINT WARNING * * *
The centaur shoots an arrow.
You block the arrow.
Aiming: Fastroot
Press: ? - help, Q - select action, (/) - cycle Shift-Dir - straight line Out of range.
Okay, then.
Aiming: Mindburst
Press: ? - help, Q - select action, (/) - cycle Shift-Dir - straight line, f - centaur
Aim: a centaur, wielding a +0 shortbow and wearing a +0 robe (heavily wounded, chance to affect: 64%)
The centaur struggles to resist.
The centaur shoots an arrow.
The arrow hits you.
You die...
Cheibriados appreciates the motionlessness of death.

######
####......
#.........
#.........
#@........
#.........
!.........
##...[.....
#.........
..........
..........
.##.#..c.


You could see a centaur.

Vanquished Creatures
  A wyvern (D:7)
  A yak (D:6)
  4 sky beasts
  A black bear (D:4)
  2 ice beasts
  A centaur (D:4)
  A phantom (D:6)
  A kobold brigand (D:7)
  2 bullfrogs
  A gnoll sergeant (D:7)
  3 scorpions
  Blork the orc (D:4)
  16 wights
  2 jellies
  2 howler monkeys
  A bombardier beetle (D:5)
  4 hounds
  6 orc priests
  A sleepcap (D:6)
  5 iguanas
  6 orc wizards
  Robin (D:3)
  11 gnolls
  7 adders
  3 white imps
  2 ufetubi (D:4)
  3 dart slugs
  2 ribbon worms
  25 orcs
  2 bats
  6 endoplasms
  A giant cockroach (D:1)
  18 goblins
  8 hobgoblins
  4 jackals (D:2)
  14 kobolds
  6 quokkas
  8 ball pythons
  2 rats
185 creatures vanquished.

Notes
Turn   | Place    | Note
-------+----------+-------------------------------------------
     0 | D:1      | retardedninja the Mountain Dwarf Fighter began the quest
                  | for the Orb.
     0 | D:1      | Reached XP level 1. HP: 19/19 MP: 1/1
   203 | D:1      | Reached XP level 2. HP: 25/26 MP: 2/2
   516 | D:2      | Reached skill level 3 in Axes
   525 | D:2      | Reached XP level 3. HP: 31/33 MP: 3/3
   784 | D:2      | Found a faded altar of an unknown god.
  1391 | D:2      | Found a runed translucent door.
  1392 | D:2      | Noticed Crazy Yiuf
  1487 | D:3      | Reached XP level 4. HP: 31/40 MP: 4/4
  2023 | D:3      | Noticed Robin
  2047 | D:3      | Killed Robin
  2048 | D:3      | Reached skill level 4 in Axes
  2604 | D:4      | Noticed Blork the orc
  2610 | D:4      | Killed Blork the orc
  2611 | D:4      | Reached XP level 5. HP: 47/47 MP: 5/5
  2858 | D:4      | Found Kearusig's Distillery.
  2927 | D:4      | Reached skill level 5 in Fighting
  2934 | D:4      | Reached XP level 6. HP: 56/56 MP: 6/6
  3142 | D:4      | Reached skill level 5 in Axes
  3403 | D:4      | Found a staircase to the Ecumenical Temple.
  3463 | Temple   | Entered the Ecumenical Temple
  3482 | Temple   | Became a worshipper of Cheibriados the Contemplative
  3608 | D:5      | Entered Level 5 of the Dungeon
  3711 | D:5      | Noticed an ice beast
  3979 | D:5      | Identified the +4 long sword of Linearity {flame, rPois rC+
                  | Str-4}
  3987 | D:4      | Reached XP level 7. HP: 51/62 MP: 7/7
  3988 | D:4      | Reached skill level 6 in Axes
  4440 | D:4      | Reached * piety under Cheibriados
  4449 | D:4      | Reached skill level 5 in Shields
  4714 | D:5      | Reached skill level 5 in Armour
  5264 | D:5      | Identified the +5 dagger of the Trees {freeze, Str+3 Dex+6}
  5482 | D:6      | Reached XP level 8. HP: 55/71 MP: 8/8
  5486 | D:6      | Reached skill level 7 in Axes
  5762 | D:6      | Found Acsuigy's Assorted Antiques.
  5778 | D:6      | Reached skill level 8 in Axes
  5899 | D:6      | Reached ** piety under Cheibriados
  6140 | D:6      | Reached XP level 9. HP: 71/81 MP: 9/9
  6315 | D:7      | HP: 3/81 [acid (7)]
  6652 | D:7      | Reached skill level 9 in Axes
  7065 | D:7      | Reached *** piety under Cheibriados
  7414 | D:8      | Reached **** piety under Cheibriados
  7415 | D:8      | Reached skill level 10 in Axes
  7424 | D:8      | HP: 1/78 [centaur/arrow (8)]
  7425 | D:8      | Shot with an arrow by a centaur

Illustrated notes

Levels and vault maps discovered:
D:1:      dpeg_arrival_arbitrary_a, layout_rooms
D:2:      layout_basic, ebering_ecumenical_altar_rust, uniq_crazy_yiuf_cottage
D:3:      layout_basic, uniq_robin
D:4:      layout_loops_ring, minmay_temple_entry_fiery, serial_shops,
          nicolae_square_shop, minivault_19, uniq_blork_the_orc
D:5:      layout_rooms
D:6:      layout_basic, kennysheep_windowed_goal
D:7:      layout_rooms, enter_bailey_2
D:8:      layout_rooms, trog_ov_bears_minmay, gammafunk_ghost_ooze
Temple:   nicolae_temple_bog_church

Skill      XL: |  1  2  3  4  5  6  7  8  9 |
---------------+----------------------------+-----
Axes           | 3 4 5 6 8 10 | 10.0
Fighting       | 4 5 6 8 9 |  9.6
Shields        | 4 5 6 7 |  7.0
Armour         | 4 5 6 |  6.9

Action                     |  1- 3 |  4- 6 |  7- 9 || total
---------------------------+-------+-------+-------++-------
  Melee: War axe           |   130 |   148 |   338 ||   616
  Evoke: Wand              |       |     6 |     7 ||    13
    Use: Potion            |       |     1 |     9 ||    10
         Scroll            |       |       |     8 ||     8
 Armour: Scale mail        |   106 |    45 |       ||   151
         Chain mail        |       |    12 |       ||    12
         Plate armour      |       |   136 |   341 ||   477
  Dodge: Dodged            |    69 |    88 |    83 ||   240
  Block: Buckler           |    39 |    42 |    96 ||   177

Table legend: (Time is in decaauts)
 A = Elapsed time spent in this place.
 B = Non-inter-level travel time spent in this place.
 C = Inter-level travel time spent in this place.
 D = Time resting spent in this place.
 E = Time spent auto-exploring this place.
 F = Levels seen in this place.
 G = Mean time per level.
                   A        B        C        D        E       F      G
               +--------+--------+--------+--------+--------+-----+--------+
         Total |   8164 |   7763 |    401 |   1703 |   4442 |   9 |  907.1 |
       Dungeon |   8127 |   7742 |    385 |   1703 |   4442 |   8 | 1015.9 |
        Temple |     36 |     21 |     15 |      0 |      0 |   1 |   36.0 |
               +--------+--------+--------+--------+--------+-----+--------+

Top non-repeatable levels by time:
     D:4: 2517 daAuts
     D:7: 1276 daAuts
     D:6: 1092 daAuts
     D:2: 1063 daAuts
     D:3: 1053 daAuts
     D:5: 517 daAuts
     D:1: 502 daAuts
     D:8: 104 daAuts
  Temple: 36 daAuts
